 Dungeon Sprint DCSS version 0.17-a0-1582-ge6b0260 (webtiles) character file.

14 nuthulu the Shield-Bearer (level 4, -24/32 HPs)
             Began as a Gargoyle Fighter on July 27, 2015.
             Was a Believer of Trog.
             Killed by an exploding giant spore (32 damage)
             ... in the Dungeon (Sprint VI: "Thunderdome").
             The game lasted 00:00:59 (177 turns).

nuthulu the Shield-Bearer (Gargoyle Fighter)         Turns: 177, Time: 00:00:59

Health: -24/32     AC: 11    Str: 19    XL:     4   Next: 74%
Magic:  7/13       EV:  7    Int:  9    God:    Trog [**....]
Gold:   7          SH: 10    Dex: 10    Spells: 0 memorised, 3 levels left

rFire  . . .     SeeInvis .     a - +0 flail
rCold  . . .     Clarity  .     b - +0 scale mail
rNeg   + . .     SustAt   .     c - +0 shield
rPois  ∞         Gourm    .     (no helmet)
rElec  +         Spirit   .     (no cloak)
rCorr  .         Warding  .     (no gloves)
rMut   .         NoTele   +     (no boots)
MR     .....                    (no amulet)
Stlth  +.........               (no ring)
                                p - ring "Ynengiry" {-Tele rElec MP+9 Slay+5 Stlth+}

@: not resistant to hostile enchantments, very unstealthy
A: negative energy resistance 1, electricity resistance, unbreathing,
petrification resistance, rot immunity, AC +3
a: Burn Spellbooks, Berserk, Trog's Hand, Renounce Religion


You were in the Dungeon.
You worshipped Trog.
Trog was pleased with you.
You were not hungry.

You visited 1 branch You collected 220 gold pieces.
You spent 213 gold pieces at shops.

Inventory:

Hand weapons
 a - a +0 flail (weapon)
Armour
 b - a +0 scale mail (worn)
 c - a +0 shield (worn)
Jewellery
 p - the ring "Ynengiry" (left hand) {-Tele rElec MP+9 Slay+5 Stlth+}
   (You bought it in a shop in the Dungeon)

   [ring of magical power]

   It affects your accuracy and damage with ranged weapons and melee attacks
   (+5).
   It insulates you from electricity.
   It affects your magic capacity (+9).
   It prevents most forms of teleportation.
   It makes you more stealthy.
Magical devices
 l - a wand of cold (5)
 m - a wand of fire (5)
Scrolls
 k - 4 scrolls of blinking
 n - 3 scrolls of fog
Potions
 d - 6 potions of might
 f - a potion of curing
 g - 3 potions of heal wounds
 h - 4 potions of haste
 i - 2 potions of magic
 j - a potion of berserk rage
 o - a potion of resistance
Comestibles
 e - a bread ration


   Skills:
 + Level 5.8 Fighting
 + Level 4.8 Maces & Flails
 + Level 5.8 Armour
 + Level 5.9 Shields


You had 3 spell levels left.
You didn't know any spells.

Dungeon Overview and Level Annotations

Branches:
Dungeon (1/1)

Altars:
Cheibriados
Fedhas
Gozag
Makhleb
Okawaru
Qazlal
Ru
Sif Muna
Trog
Vehumet
Xom
Yredelemnul
Zin
The Shining One
Jiyva
Lugonu

Shops:
D *[%??**[(!!!!


Innate Abilities, Weirdness & Mutations

You are resistant to torment.
Your stone body is resilient (AC +3).
You are immune to poison.
You resist negative energy.
You are resistant to electric shocks.
You can survive without breathing.
You are immune to petrification.
You are immune to rotting.


Message History

You sense a tension in the north.
The giant spore waves its rhizomes. x2
Found an opulent altar of Gozag.
A ballistomycete grows in the wake of the giant spore.
The giant spore explodes!
The explosion of spores engulfs the ballistomycete.
The explosion of spores engulfs the giant spore.
The giant spore explodes!
The explosion of spores engulfs the ballistomycete.
A fungus suddenly grows. x2
The explosion of spores engulfs you!
Ouch! That really hurt!
* * * LOW HITPOINT WARNING * * *
The explosion of spores engulfs the giant spore.
The giant spore explodes!
The explosion of spores engulfs the active ballistomycete.
The explosion of spores engulfs the ballistomycete.
A fungus suddenly grows.
The explosion of spores engulfs you!
Ouch! That really hurt!
You die...

#∩....... #_....... #........
#_......._ ###.........###
#§P..........⌠#
######.8.P.......8.######
##∩___..P@..# #.......__∩#
###∩....P...8.# #.8........∩
##.............###...........
#⌠..........###...###........
#⌠..........# #.<.# #........
#⌠..........###...###........
##.............###...........
###∩......).8.# #.8........∩
##∩__....)†.###.......__∩#


You could see an active ballistomycete.

Vanquished Creatures
  A phantom (D)
  An adder (D)
  A giant gecko (D)
  An orc (D)
  2 hobgoblins (D)
6 creatures vanquished.

Vanquished Creatures (others)
  A giant spore (D)
1 creature vanquished.

Grand Total: 7 creatures vanquished

Notes
Turn   | Place    | Note
--------------------------------------------------------------
     0 | D        | nuthulu the Gargoyle Fighter began the quest for the Orb.
     0 | D        | Reached XP level 1. HP: 14/14 MP: 1/1
     1 | D        | Found a shimmering altar of Xom.
     2 | D        | Found a deep blue altar of Sif Muna.
     3 | D        | Found a viscous altar of Jiyva.
     3 | D        | Found an iron altar of Okawaru.
     4 | D        | Found Xomoel's Do-It-Yourself Clinic.
     4 | D        | Found a sacrificial altar of Ru.
     4 | D        | Found Ireelo's Distillery.
     5 | D        | Found Offaw's Bottled Wisdom.
     5 | D        | Found Qarchumil's Distillery.
     5 | D        | Round 1.
     9 | D        | Found a basalt altar of Yredelemnul.
    13 | D        | Bought 6 potions of might for 168 gold pieces
    20 | D        | Found a glowing golden altar of the Shining One.
    20 | D        | Found a bloodstained altar of Trog.
    20 | D        | Found a stormy altar of Qazlal.
    20 | D        | Found Qageiz Qola's Weapon Rack.
    20 | D        | Found Viuhoriv's Premium Goods.
    21 | D        | Found Tyogup's Basic Armour.
    21 | D        | Found Xasiut's Miscellaneous Merchandise.
    28 | D        | Became a worshipper of Trog the Wrathful
    31 | D        | Found a corrupted altar of Lugonu.
    31 | D        | Found a snail-covered altar of Cheibriados.
    32 | D        | Found Moumod's Identification Station.
    54 | D        | Acquired Trog's first power
    54 | D        | Reached skill level 4 in Fighting
    54 | D        | Reached XP level 2. HP: 10/20 MP: 2/2
    60 | D        | Acquired Trog's second power
    61 | D        | Found Xofupny's Advanced Armour.
    61 | D        | Found Qoren's Jewellery.
    61 | D        | Found a radiant altar of Vehumet.
    61 | D        | Found a glowing silver altar of Zin.
    61 | D        | Found a burning altar of Makhleb.
    61 | D        | Found Doyr's Bee Food.
   112 | D        | Noticed a phantom
   146 | D        | Killed a phantom
   146 | D        | Arena points: 14 (+14) [x2]
   146 | D        | Reached skill level 5 in Fighting
   146 | D        | Reached skill level 5 in Armour
   146 | D        | Reached skill level 5 in Shields
   146 | D        | Reached XP level 3. HP: 19/27 MP: 3/3
   146 | D        | Reached XP level 4. HP: 22/32 MP: 4/4
   154 | D        | Bought a clouded bone ring for 45 gold pieces
   154 | D        | Identified the ring "Ynengiry" {-Tele rElec MP+9 Slay+5 Stlth+} (You bought it in a shop in the Dungeon)
   157 | D        | Found a blossoming altar of Fedhas.
   175 | D        | Round 2.
   176 | D        | Found an opulent altar of Gozag.
   177 | D        | Found Qautto's Magic Scroll Shop.
   177 | D        | Killed by an exploding giant spore

Vault maps used:
D:        arena_sprint

Action                   |  1- 3 |  4- 6 || total
-------------------------+-------+-------++-------
Melee: Flail             |    39 |       ||    39
  Use: Potion            |     2 |       ||     2
